cohdb
Replays
Latest Replays
All Replays
Popular Replays
Top Player Replays
Match Explorer
How It Works
Community
CoH3 Stats
Reddit
Sign in to upload your games and track your stats! →
Sign in with Steam
*Loud Gurkha/Commando noises*
Match 42811924
Overview
Messages
Build Orders
End
Royal Engineer Section
Construct Section Command Post
Dingo Light Scout Car
Infantry Section
Infantry Section
Construct Platoon Command Post
Humber Armored Car
Vickers Machine Gun Team
Selects Indian Artillery Battlegroup
Selects War Cry
Selects Gurkha Rifles Section
Gurkha Rifles Section
Unlock Bishop Self-propelled Artillery
Gurkha Rifles Section
Selects Artillery Saturation
Infantry Training
Selects Off-map Airburst Barrage
Bishop Self-propelled Artillery
Light Vehicle Training
Gurkha Rifles Section
Bishop Self-propelled Artillery
Selects Pillage
Bishop Self-propelled Artillery
Off-map Airburst Barrage
Construct Company Command Post
Off-map Airburst Barrage
Gurkha Rifles Section
War Cry
Off-map Airburst Barrage
War Cry
War Cry
3nder
PAX AJAX
SMOKO
FeriG
0
0
Comments
sign in to comment!
No comments posted yet!